 Dungeon Crawl Stone Soup version 0.17-a0-1020-ge683cc4 (console) character file.

898 Monkaria the Carver (level 7, -11/64 HPs)
             Began as a Demonspawn Chaos Knight on May 14, 2015.
             Mangled by a blink frog (glowing shapeshifter) (28 damage)
             ... on level 5 of the Dungeon.
             The game lasted 00:07:35 (4368 turns).

Monkaria the Carver (Demonspawn Chaos Knight)       Turns: 4368, Time: 00:07:35

Health: -11/64     AC:  8    Str: 15    XL:     7   Next: 79%
Magic:  7/7        EV:  9    Int: 13    God:    Xom [*.....]
Gold:   278        SH:  0    Dex: 12    Spells: 0 memorised, 6 levels left

rFire  x . .     SeeInvis .     (weapon currently unavailable)
rCold  + + +     Clarity  .     (armour currently unavailable)
rNeg   . . .     SustAb   .     (shield currently unavailable)
rPois  +         Gourm    .     (helmet currently unavailable)
rElec  .         Spirit   .     (cloak currently unavailable)
rCorr  .         Warding  .     (gloves currently unavailable)
rMut   .         Stasis   .     (boots currently unavailable)
MR     .....                    f - amulet of inaccuracy (curse)
Stlth  +.........               (no ring)
                                g - ring of invisibility

@: exhausted, ice-form, very slightly contaminated, slowed, very slow, not
resistant to hostile enchantments, very unstealthy
A: (horns 0), (thin metallic scales 0), (fire resistance 0), powered by death 2
a: Renounce Religion, Evoke Invisibility


You were on level 5 of the Dungeon.
You worshipped Xom.
You were a special plaything of Xom.
You were hungry.
You were a creature of crystalline ice.
You visited 2 branches of the dungeon, and saw 6 of its levels.

You collected 278 gold pieces.

Inventory:

Hand weapons
 a - a +1 falchion of chaos (melded)
Missiles
 y - 6 needles of sleeping
 A - 4 curare-tipped needles
 B - 12 poisoned needles
Armour
 b - a +2 leather armour
 e - a +0 pair of gloves (melded)
 o - a +1 helmet
 t - a cursed +0 leather armour (melded)
 v - a +0 cloak (melded)
 C - a +0 scale mail
Jewellery
 f - a cursed amulet of inaccuracy (around neck)
 g - a ring of invisibility (left front paw)
Magical devices
 n - a wand of confusion (8)
 E - a wand of flame (24)
Scrolls
 i - 2 scrolls of identify
 k - 3 scrolls of remove curse {unknown}
 p - a scroll of blinking
 s - a scroll of amnesia {unknown}
 u - a scroll of enchant armour {unknown}
 w - a scroll of teleportation
 x - a scroll of fear {unknown}
Potions
 h - a potion of lignification
 j - a potion of resistance
 l - a potion of poison {unknown}
 m - 2 potions of curing
 q - 2 potions of heal wounds {unknown}
 z - 2 potions of brilliance {unknown}
 F - a potion of haste {unknown}
Comestibles
 c - 3 bread rations
 d - 2 beef jerkies
 r - 2 meat rations


   Skills:
 - Level 4.0 Fighting
 + Level 8.3 Long Blades
 - Level 1.7 Armour
 - Level 0.8 Dodging


You had 6 spell levels left.
You didn't know any spells.

Dungeon Overview and Level Annotations

Branches:
Dungeon (5/15)             Temple (1/1) D:4

Altars:
Ashenzari
Cheibriados
Dithmenos
Elyvilon
Fedhas
Gozag
Kikubaaqudgha
Makhleb
Nemelex Xobeh
Okawaru
Qazlal
Ru
Sif Muna
Trog
Vehumet
Yredelemnul
Zin
The Shining One


Innate Abilities, Weirdness & Mutations

((You are mostly covered in thin metallic scales (AC +3).))
((Your flesh is heat resistant.))
You can steal the life force of defeated enemies.
((You have a pair of small horns on your head.))


Message History

You swing at nothing.
You swing at nothing.
Unknown command.
Items here: )) [[ † a whip; a leather armour; a scimitar; a plate armour; an orc corpse You hit the blink frog.
You freeze the blink frog.
The blink frog is almost dead.
The blink frog is no longer petrified.
The blink frog hits you!!
The blink frog blinks!
The blink frog hits you!!
* * * LOW HITPOINT WARNING * * *
The blink frog hits you but does no damage.
Things that are here:
a hand axe; an orc corpse You miss the blink frog.
The blink frog is almost dead.
The blink frog is no longer moving slowly.
The orc looks more energetic.
The blink frog hits you!!
You die...
Xom roars with laughter!

.#
#.##.#################....._.
## #.##.# #........ # #.##.#
#....8... ### #.##.#
#........ ..# #.##.#
##._..... #.###.##.# #.......
#........# ###.....
##.####### ########### #.....
≈#.# #..oFY)...# #####. ≈#.#
#.#######.# #. .'.# #.# #.
≈### #.###########. ≈#
#............. ##
#..########### #..# #..# #..#


You could see a blink frog (berserk) and an orc.

Vanquished Creatures
  A phantom (D:4)
  A centaur (D:5)
  2 ogres (D:5)
  2 orc priests (D:5)
  A giant frog zombie (D:5)
  An orc wizard (D:3)
  Jessica (D:2)
  Robin (D:2)
  8 adders
  2 oozes
  3 worms
  An adder skeleton (D:5)
  9 orcs
  4 ball pythons
  11 bats
  A giant cockroach (D:2)
  8 hobgoblins
  9 jackals
  9 kobolds
  3 quokkas
  A giant gecko (shapeshifter) (D:3)
  4 giant geckos
  5 giant newts
  16 goblins
  14 rats
118 creatures vanquished.

Vanquished Creatures (collateral kills)
  The ghost of Monkaria the Slasher, an average DsCK of Xom (D:4)
  Menkaure (D:4)
  A centaur (D:5)
  A hound (D:4)
  An adder (D:4)
  An orc (D:4)
  A bat skeleton (D:4)
  A giant cockroach (D:5)
  A hobgoblin (D:4)
  A quokka (D:4)
  A kobold (D:4)
11 creatures vanquished.

Vanquished Creatures (others)
  An adder (D:2)
  A kobold (D:2)
  A goblin (D:4)
3 creatures vanquished.

Grand Total: 132 creatures vanquished

Notes
Turn   | Place    | Note
--------------------------------------------------------------
     0 | D:1      | Monkaria the Demonspawn Chaos Knight began the quest for the Orb.
     0 | D:1      | Reached XP level 1. HP: 18/18 MP: 1/1
   171 | D:1      | Gained mutation: You can steal the life force of nearby defeated enemies. [demonic ancestry]
   171 | D:1      | Reached XP level 2. HP: 22/24 MP: 2/2
   186 | D:1      | XOM: harmless Pois miscast
   385 | D:1      | Reached skill level 4 in Fighting
   790 | D:2      | XOM: divination: magic mapping
   795 | D:2      | Noticed a water elemental
   798 | D:2      | Noticed an air elemental
   800 | D:2      | Found a stormy altar of Qazlal.
   806 | D:2      | Noticed a fire elemental
   824 | D:2      | Reached XP level 3. HP: 12/30 MP: 3/3
  1362 | D:2      | Noticed Robin
  1409 | D:2      | Gained mutation: You can steal the life force of defeated enemies. [demonic ancestry]
  1409 | D:2      | Reached XP level 4. HP: 37/37 MP: 4/4
  1425 | D:2      | XOM: 4-stop teleportation journey
  1462 | D:2      | XOM: destruction
  1464 | D:2      | Killed Robin
  1582 | D:2      | Noticed Jessica
  1595 | D:2      | Killed Jessica
  1632 | D:2      | XOM: give mutation
  1632 | D:2      | Gained mutation: You have a pair of small horns on your head. [Xom's grace]
  1761 | D:2      | Noticed an earth elemental
  1767 | D:2      | Gained mutation: You are partially covered in thin metallic scales (AC +2). [demonic ancestry]
  1767 | D:2      | Reached XP level 5. HP: 29/42 MP: 5/5
  1971 | D:3      | XOM: fog
  1977 | D:3      | Reached skill level 5 in Long Blades
  2321 | D:3      | XOM: polymorph rat -> quokka
  2335 | D:3      | XOM: god gift: glowing hand axe {god gift}
  2686 | D:4      | Noticed Menkaure
  2772 | D:4      | Found a staircase to the Ecumenical Temple.
  2772 | D:4      | XOM: 5-stop teleportation journey
  2776 | Temple   | Entered the Ecumenical Temple
  2865 | D:4      | Noticed Monkaria's ghost (average DsCK)
  2865 | D:4      | XOM: cast spell 'Summon Small Mammal'
  2866 | D:4      | XOM: confuse monster(s)
  2871 | D:4      | XOM: destruction
  2875 | D:4      | XOM: enchant monster (good)
  2876 | D:4      | XOM: summons friendly red devil
  2893 | D:4      | Killed Monkaria's ghost
  2893 | D:4      | Gained mutation: Your flesh is heat resistant. [demonic ancestry]
  2893 | D:4      | Reached XP level 6. HP: 48/48 MP: 6/6
  2909 | D:4      | Killed Menkaure
  2909 | D:4      | Reached skill level 6 in Long Blades
  2991 | D:4      | XOM: vitrification
  3077 | D:4      | Found an iron altar of Okawaru.
  3197 | D:4      | XOM: potion effect (might)
  3199 | D:4      | XOM: summons friendly shadow imp
  3251 | D:4      | Noticed an ogre
  3251 | D:4      | XOM: 2-stop teleportation journey
  3376 | D:5      | Entered Level 5 of the Dungeon
  3480 | D:5      | Found a basalt altar of Yredelemnul.
  3531 | D:5      | XOM: confusion (+ monsters)
  3540 | D:5      | Gained mutation: You are mostly covered in thin metallic scales (AC +3). [demonic ancestry]
  3540 | D:5      | Reached XP level 7. HP: 10/54 MP: 7/7
  3556 | D:5      | XOM: god gift: 43 gold pieces
  3577 | D:5      | XOM: god gift: 24 gold pieces
  3869 | D:5      | XOM: summons 5 friendly demons
  3876 | D:5      | Reached skill level 7 in Long Blades
  3913 | D:5      | Found an iron altar of Okawaru.
  4000 | D:5      | XOM: god gift: scale mail {god gift}
  4108 | D:5      | Found a sacrificial altar of Ru.
  4113 | D:5      | Found a shattered altar of Ashenzari.
  4131 | D:5      | XOM: cast spell 'Ice Form'
  4132 | D:5      | XOM: swap monsters
  4134 | D:5      | XOM: noise
  4139 | D:5      | Reached skill level 8 in Long Blades
  4330 | D:5      | XOM: chaos cloud
  4334 | D:5      | XOM: cast spell 'Ice Form'
  4335 | D:5      | XOM: noise
  4346 | D:5      | Noticed a blink frog
  4368 | D:5      | Mangled by a blink frog (glowing shapeshifter)

Vault maps used:
D:1:      dpeg_arrival_rooms_with_view, amethyst_killhole,
          minmay_misc_feat_pillars, serial_park_tiny_pond
D:2:      nicolae_qazlal_style_of_elements, first_bread, uniq_robin,
          uniq_jessica
D:3:      solitary_fountain
D:4:      minmay_temple_entry_statues_pillars, okawaru_metal_pillars_3,
          uniq_menkaure
D:5:      lemuel_doored_altar, kennysheep_little_box,
          grunt_temple_overflow_open, water_boxes_lemuel
Temple:   nicolae_temple_god_jail

Action                   |  1- 3 |  4- 6 |  7- 9 || total
-------------------------+-------+-------+-------++-------
Melee: Falchion          |   182 |   193 |    74 ||   449
       Unarmed           |       |       |    46 ||    46
  Use: Scroll            |     2 |     3 |       ||     5
       Potion            |       |     3 |       ||     3
 Stab: Confused          |       |     2 |       ||     2
       Paralysed         |       |     2 |       ||     2
       Petrifying        |       |       |     1 ||     1
  Eat: Chunk             |     2 |     7 |     3 ||    12
